AoeStats
← viljelia

Arabia

507520029Analyzed
1v1 RM · 13d ago on Sep 18, 2026· 24m 26s· 2 players
Game mode
Random Map
Map size
Tiny (2 player)
Population
200
Speed
Normal
Resources
Standard
Victory
Conquest
Starting age
Dark Age
Ending age
Imperial Age
RankedLock teamsTeams togetherTeam positionsShared explorationLock speedFull tech treeHidden civsTurbo modeCheats
Victory
Defeat
🇨🇳 Spanish · China
663
+17
🇫🇮 Japanese · Finland
694
-17
hongjunhaoren
11:27 Feudal Age
11:32 Loom
17:35 Castle Age
16:05 Horse Collar
16:23 Stone Mining
viljelia
7:19 Loom
7:27 Loom
10:02 Feudal Age
10:28 Man-at-Arms
16:14 Horse Collar
21:12 Castle Age
21:54 Padded Archer Armor
Connection lost

Rejoining the realm…

Still unreachable

The connection could not be restored.

Session expired

The server has moved on; the page needs a fresh start.